Map: Kairos Junction LE

Players

Lambo - Winner!

  • Race: Zerg Zerg
  • Spawn Location: 11:00

souL

  • Race: Terran Terran
  • Spawn Location: 5:00

Event: 2019 WCS Spring

VOD

Have the link to the VOD?

Description

Time

  • Played on: May 17, 2019, 11:39 a.m.
  • Length: 15:43

All games in this series

Show
View Real Time Build Order
Export as new Build Order

Lambo Zerg - Winner!

Build Orders: Hatch First 

Get SALT Encoding   

  12  0:00  Drone  
  13  0:12  Overlord  
  13  0:17  Drone  
  14  0:31  Drone x2  
  16  0:48  Hatchery  
  15  0:51  Drone  
  15  0:56  Drone  
  17  0:58  Drone  
  18  1:10  Extractor  
  17  1:13  Spawning Pool  
  17  1:17  Drone  
  17  1:20  Drone  
  18  1:28  Drone  
  19  2:01  Zergling x8  
  23  2:02  Queen, Spine Crawler  
  24  2:12  Zergling x4  
  26  2:28  Zergling x2  
  24  2:36  Drone  
  23  2:54  Drone  
  23  2:57  Spine Crawler  
  23  3:00  Drone  
  24  3:06  Zergling x4  
  24  3:11  Overlord  
  26  3:16  Drone x2  
  28  3:22  Overlord  
  28  3:35  Drone x2  
  28  3:38  Spine Crawler  
  28  3:39  Overlord  
  28  3:40  Drone  
  30  3:44  Queen  
  33  3:54  Zergling x4  
  33  3:55  Spine Crawler  
  33  4:02  Zergling x2, Spine Crawler  
  33  4:08  Queen  
  35  4:14  Drone x2  
  35  4:15  Drone  
  35  4:16  Drone  
  40  4:17  Drone  
  42  4:25  Overlord, Queen  
  44  4:36  Drone  
  43  4:41  Overlord  
  43  4:46  Drone x3  
  46  4:53  Drone  
  46  4:54  Drone  
  46  4:55  Drone x2  
  46  4:57  Drone  
  46  4:58  Metabolic Boost  
  51  5:05  Drone x3  
  51  5:07  Drone  
  55  5:11  Drone  
  55  5:13  Extractor  
  55  5:24  Evolution Chamber  
  55  5:25  Overlord  
  55  5:28  Hatchery  
  53  5:32  Drone x3  
  53  5:33  Drone x2  
  58  5:36  Extractor, Drone  
  58  5:40  Lair  
  58  5:41  Drone  
  59  5:44  Drone  
  59  5:45  Drone  
  61  5:54  Zerg Melee Weapons Level 1  
  61  5:55  Evolution Chamber  
  61  5:56  Drone x4  
  64  5:59  Drone  
  64  6:01  Overlord, Extractor  
  64  6:06  Drone  
  64  6:08  Drone, Baneling Nest  
  64  6:10  Drone  
  66  6:14  Drone x2  
  68  6:19  Overlord  
  68  6:22  Zerg Ground Armor Level 1  
  68  6:29  Drone x5  
  68  6:32  Drone  
  74  6:39  Queen  
  74  6:44  Overlord, Zergling x4, Drone  
  74  6:45  Zergling x2  
  80  6:52  Centrifical Hooks  
  80  6:54  Baneling x5  
  80  6:55  Zergling x2  
  80  6:56  Zergling x4  
  83  7:03  Queen  
  83  7:06  Zergling x6  
  83  7:07  Extractor  
  87  7:15  Overlord, Drone x3  
  90  7:21  Overlord  
  90  7:25  Zergling x6  
  90  7:27  Zergling x4  
  95  7:30  Overlord  
  95  7:33  Hatchery, Zergling x6  
  97  7:37  Overlord  
  97  7:38  Queen, Zergling x6  
  102  7:44  Overlord  
  102  7:46  Zergling x4  
  102  7:48  Baneling x3  
  102  7:51  Zerg Melee Weapons Level 2  
  104  7:54  Zergling x10  
  104  7:56  Zergling x4  
  110  8:03  Zergling x12  
  115  8:06  Overlord  
  113  8:12  Hydralisk Den  
  113  8:17  Zergling x6  
  115  8:22  Overlord  
  115  8:24  Drone x3  
  117  8:27  Drone x3  
  117  8:29  Infestation Pit  
  117  8:30  Drone  
  117  8:31  Drone x2  
  117  8:33  Drone x2  
  124  8:36  Extractor  
  122  8:42  Drone x2  
  122  8:44  Zerg Ground Armor Level 2, Muscular Augments  
  122  8:46  Zergling x2  
  122  8:47  Zergling x2  
  126  8:49  Zergling x2  
  126  8:53  Baneling x6  
  127  8:56  Zergling x2  
  127  8:57  Zergling x8  
  132  9:08  Queen, Drone x5  
  132  9:09  Infestation Pit  
  135  9:12  Drone x2  
  135  9:15  Hive  
  134  9:18  Zergling x10  
  138  9:25  Drone  
  138  9:29  Zergling x14  
  146  9:37  Hydralisk x4, Hatchery  
  146  9:38  Hydralisk  
  154  9:42  Hydralisk x2  
  154  9:43  Hydralisk  
  154  9:45  Hydralisk  
  158  9:47  Hydralisk  
  155  9:55  Hydralisk x3, Grooved Spines  
  155  9:56  Zergling x2  
  155  9:58  Hydralisk x3  
  152  10:03  Zergling x8  
  152  10:06  Zergling x8  
  150  10:09  Hydralisk  
  150  10:13  Overlord, Zerg Missile Weapons Level 1  
  146  10:16  Hydralisk  
  146  10:17  Zergling x2  
  146  10:18  Zergling x2  
  149  10:22  Extractor  
  149  10:23  Zergling x2  
  149  10:27  Baneling x11  
  149  10:28  Baneling x6  
  149  10:29  Zergling x6  
  149  10:34  Adrenal Glands  
  152  10:37  Ultralisk Cavern  
  152  10:39  Zergling x16  
  159  10:45  Viper  
  162  10:51  Zergling x2  
  162  10:52  Zergling x18  
  167  10:57  Zergling x4  
  167  11:01  Zergling x4  
  167  11:06  Baneling x7  
  167  11:08  Drone x2  
  167  11:09  Drone x2  
  171  11:15  Baneling x16  
  171  11:16  Zergling x6  
  174  11:25  Overlord  
  174  11:28  Zergling x4  
  174  11:30  Overlord  
  172  11:36  Overlord  
  169  11:41  Zergling x8  
  169  11:46  Chitinous Plating  
  153  11:47  Zerg Ground Armor Level 3  
  153  11:52  Queen  
  153  11:53  Zergling x2  
  153  11:54  Zergling x30  
  171  12:01  Viper  
  173  12:15  Drone x6  
  177  12:17  Zergling x14  
  177  12:18  Baneling x2  
  177  12:19  Baneling x8  
  186  12:29  Zergling x10  
  191  12:34  Zerg Melee Weapons Level 3  
  191  12:36  Zergling x2  
  192  12:38  Overlord  
  192  12:42  Zergling x2  
  192  12:43  Zergling x4  
  177  12:45  Ultralisk  
  177  12:54  Zergling x14  
  177  12:56  Baneling x9  
  182  13:00  Baneling  
  182  13:03  Zergling x2  
  182  13:04  Anabolic Synthesis, Zergling x6  
  186  13:08  Zergling x4  
  188  13:16  Zergling x12  
  194  13:21  Spire  
  188  13:27  Zergling x2  
  188  13:28  Zergling x8  
  188  13:30  Overlord  
  188  13:32  Zergling x4  
  188  13:33  Zergling x14  
  198  13:37  Zergling x2  
  192  13:45  Zergling x12  
  192  13:48  Baneling x7  
  198  13:49  Zergling x2  
  199  14:04  Zergling x4  
  199  14:05  Overseer  
  196  14:10  Zergling x6  
  196  14:12  Zergling x22  
  196  14:14  Ultralisk  
  170  14:18  Zergling x4  
  170  14:22  Ultralisk  
  165  14:26  Hydralisk x2  
  165  14:28  Zergling x8  
  177  14:35  Zergling x6  
  167  14:39  Zergling x2  
  167  14:40  Zergling x2  
  167  14:41  Baneling x21  
  163  14:46  Ultralisk x2  
  163  14:52  Ultralisk, Zergling x2  
  174  14:55  Zergling x2  
  174  14:58  Zergling x14  
  174  15:03  Zergling x8  
  174  15:05  Zergling x2  
  174  15:07  Zergling x4  
  169  15:15  Zergling x4  
  166  15:22  Drone x2  
  166  15:25  Zergling x2  
  166  15:26  Zergling x2  
Show
View Real Time Build Order
Export as new Build Order

souL Terran 

Build Orders:  

Get SALT Encoding   

  12  0:00  SCV  
  13  0:12  SCV  
  14  0:17  Supply Depot  
  14  0:25  SCV  
  15  0:38  Barracks  
  15  0:51  Barracks  
  15  1:04  Barracks  
  15  1:09  SCV  
  16  1:25  Marine  
  16  1:26  Orbital Command  
  17  1:38  Marine  
  18  1:43  Marine  
  18  1:45  Supply Depot  
  19  1:52  Marine  
  21  1:57  Bunker  
  21  1:58  Marine  
  21  2:01  Marine  
  23  2:09  Marine  
  23  2:12  Bunker  
  23  2:15  Bunker  
  22  2:16  Marine  
  22  2:22  Marine  
  24  2:29  Marine  
  23  2:34  Marine  
  21  2:39  Marine  
  21  2:44  SCV  
  21  2:47  Marine  
  22  2:52  Bunker, Marine  
  22  2:56  SCV  
  22  2:57  Marine  
  25  3:05  Marine  
  26  3:08  SCV  
  26  3:09  Marine  
  28  3:14  Supply Depot  
  28  3:15  Marine  
  29  3:20  SCV  
  29  3:23  Marine  
  31  3:35  SCV, Marine x2  
  31  3:36  Supply Depot  
  36  4:00  Command Center  
  34  4:04  Refinery  
  34  4:07  SCV  
  35  4:19  SCV  
  36  4:31  SCV  
  31  4:41  Command Center  
  31  4:43  SCV  
  32  4:50  Barracks Tech Lab  
  32  4:55  SCV  
  32  4:57  Barracks Reactor  
  32  5:07  SCV  
  32  5:09  Supply Depot  
  32  5:12  Refinery  
  32  5:14  Barracks Reactor  
  33  5:19  SCV  
  33  5:20  Marine  
  35  5:23  Orbital Command  
  35  5:31  SCV  
  35  5:33  Marine  
  35  5:34  Marine  
  39  5:43  SCV  
  39  5:45  Stimpack  
  39  5:49  SCV  
  41  5:51  Marine  
  41  5:53  Orbital Command  
  41  5:55  SCV  
  42  6:01  SCV  
  42  6:02  Factory  
  43  6:08  SCV  
  44  6:12  Engineering Bay  
  44  6:13  SCV, Engineering Bay  
  44  6:15  Refinery  
  45  6:18  Marine  
  45  6:20  SCV x2  
  45  6:25  SCV  
  49  6:28  Supply Depot  
  49  6:32  SCV x2  
  51  6:37  SCV  
  51  6:39  Terran Infantry Weapons Level 1  
  52  6:41  Terran Infantry Armor Level 1  
  52  6:44  SCV x2  
  52  6:46  Supply Depot  
  54  6:49  SCV  
  54  6:52  Supply Depot  
  54  6:53  Starport  
  55  6:56  SCV x2, Marine  
  55  6:58  Factory Reactor  
  55  7:00  Refinery  
  58  7:02  SCV  
  58  7:03  Marine  
  58  7:08  SCV  
  61  7:14  SCV  
  62  7:20  SCV  
  62  7:21  Command Center  
  63  7:26  SCV  
  64  7:30  Orbital Command  
  64  7:32  SCV  
  64  7:36  Barracks  
  65  7:38  SCV, Barracks  
  65  7:39  Medivac  
  65  7:40  Medivac, Marine, Factory Tech Lab  
  65  7:42  Marine  
  72  7:44  SCV  
  72  7:45  Combat Shield  
  72  7:50  SCV  
  74  7:52  Marine  
  74  7:53  Supply Depot  
  74  7:55  SCV  
  74  7:56  SCV  
  77  7:59  Siege Tank  
  77  8:02  SCV  
  77  8:03  Armory  
  81  8:07  SCV  
  81  8:09  SCV  
  81  8:11  Marine  
  84  8:12  Supply Depot  
  84  8:13  Supply Depot  
  84  8:14  SCV  
  84  8:17  Medivac  
  84  8:18  Medivac  
  84  8:19  SCV, Marine x2  
  92  8:21  SCV  
  92  8:26  SCV  
  94  8:28  Barracks Reactor x2  
  94  8:31  SCV, Refinery  
  94  8:33  SCV  
  96  8:38  SCV  
  96  8:40  Supply Depot  
  97  8:41  Supply Depot, Marine x5  
  97  8:43  SCV, Refinery  
  97  8:45  SCV  
  106  8:48  Siege Tank  
  106  8:50  SCV  
  106  8:51  Factory  
  107  8:55  SCV  
  107  8:59  Marine x5  
  113  9:04  Terran Infantry Weapons Level 2  
  113  9:05  Barracks  
  113  9:06  Barracks  
  113  9:07  Barracks  
  113  9:08  Marine  
  114  9:11  Marine x3  
  114  9:14  Planetary Fortress  
  114  9:17  Marine x4  
  114  9:22  SCV, Siege Tank  
  114  9:23  Marine  
  123  9:25  SCV x2  
  125  9:33  Marine  
  125  9:37  Marine x3  
  129  9:38  Factory Tech Lab  
  129  9:42  SCV  
  129  9:45  SCV  
  131  9:48  Sensor Tower  
  131  9:52  Command Center, Marine  
  127  9:53  Marine  
  127  9:54  Siege Tank  
  127  9:57  Marine x3  
  127  9:58  Marine x3  
  119  10:05  Marine  
  115  10:10  SCV, Marine  
  115  10:11  Marine  
  110  10:14  Marine x3  
  110  10:15  Terran Infantry Armor Level 2, Marine  
  110  10:16  Marine x2, Barracks Tech Lab x3  
  110  10:18  SCV  
  110  10:19  SCV  
  117  10:25  Sensor Tower  
  117  10:26  SCV  
  117  10:28  SCV  
  119  10:30  SCV  
  119  10:31  SCV  
  121  10:38  Siege Tank  
  121  10:39  SCV, Supply Depot  
  121  10:40  SCV, Supply Depot x2  
  121  10:42  Marauder x3  
  132  10:43  Concussive Shells  
  132  10:48  Terran Vehicle And Ship Armor Level 1  
  132  10:49  Marauder  
  134  10:53  Marine  
  134  10:54  Marine  
  135  11:00  Refinery  
  135  11:01  Siege Tank, Refinery  
  135  11:03  Marauder x2  
  135  11:04  Marauder  
  144  11:09  Marine  
  144  11:11  Marauder  
  147  11:14  Siege Tank  
  147  11:15  Medivac  
  147  11:16  Medivac  
  147  11:17  Marine  
  153  11:25  Marauder  
  155  11:31  Marine  
  155  11:32  Marauder  
  158  11:36  Marauder, Marine  
  157  11:42  Marine  
  157  11:45  Marauder, Marine  
  153  11:47  Liberator x2  
  153  11:52  Marine  
  153  11:53  Marauder  
  150  11:57  Planetary Fortress  
  150  11:58  SCV x4  
  150  11:59  Siege Tank  
  155  12:01  Marine  
  155  12:02  Marauder  
  155  12:03  Marauder, Marine  
  165  12:10  SCV x2, Marauder, Ghost Academy  
  165  12:14  Marauder  
  165  12:15  Marine  
  171  12:16  Marine  
  171  12:21  Missile Turret  
  172  12:23  Marauder  
  172  12:25  Marauder, Marine  
  177  12:30  Liberator  
  177  12:31  Marauder  
  177  12:32  Siege Tank  
  177  12:36  Marauder  
  184  12:44  Marine  
  172  12:45  Marauder  
  172  12:46  Marauder  
  177  12:51  Marine  
  177  12:53  Marauder  
  177  12:54  Terran Infantry Weapons Level 3  
  177  12:57  Marauder  
  173  13:00  Command Center  
  173  13:01  Refinery  
  172  13:06  Marauder, Factory Tech Lab  
  172  13:07  Marauder, Command Center  
  172  13:09  Supply Depot  
  172  13:10  Supply Depot  
  176  13:19  Siege Tank, Supply Depot  
  181  13:20  Marauder  
  181  13:21  Supply Depot x2  
  181  13:25  Marauder, Marine  
  182  13:27  Missile Turret  
  182  13:29  Missile Turret  
  182  13:31  Missile Turret  
  179  13:36  Marine  
  182  13:45  Medivac x2  
  184  13:55  Fusion Core, Starport  
  184  13:56  Starport, Ghost x3  
  188  14:08  Marine  
  188  14:09  Marauder  
  191  14:10  Command Center  
  191  14:13  Marine  
  191  14:16  Marine x5  
  160  14:19  Marine  
  142  14:25  Marauder x2, Marine  
  142  14:30  Marauder  
  148  14:34  Marine  
  148  14:38  Marine x2  
  150  14:40  Marine  
  150  14:43  Marauder  
  147  14:45  SCV x3  
  147  14:46  Marauder  
  147  14:47  Marauder  
  147  14:52  Marauder  
  141  14:54  Marine x2  
  141  14:55  Marine  
  141  14:58  SCV  
  143  15:00  Marine  
  143  15:01  Marine  
  143  15:04  Marauder  
  147  15:08  Marauder x2  
  147  15:11  Marine  
  147  15:12  Marine x4  
  147  15:13  Marauder  
  147  15:14  Marine  
  142  15:18  Marine  
  142  15:19  Marine  
  95  15:23  SCV x2  
Tags
 
Add a new tag
Caveats
  • Supply blocks, unpowered buildings, or Contaminate may cause inaccurate times.
  • Supply counts are checked every 10 seconds.